 Dungeon Crawl Stone Soup version 0.28.0-47-ge53b351184 (webtiles) character file.

Game seed: 11307693369555997055

53 NinjaNoafa the Chopper (level 3, 0/51 HPs)
             Began as a Hill Orc Monk on Apr 25, 2022.
             Slain by a gnoll
             ... wielding a +0 halberd
              (12 damage)
             ... on level 2 of the Dungeon.
             The game lasted 00:01:49 (1663 turns).

NinjaNoafa the Chopper (Hill Orc Monk)              Turns: 1663, Time: 00:01:50

Health: 0/51       AC: 21    Str: 15    XL:     3   Next: 89%
Magic:  3/3        EV:  2    Int: 10    God:
Gold:   77         SH:  0    Dex: 13    Spells: 2/2 levels left

rFire   . . .      SeeInvis .   a - +0 hand axe
rCold   . . .      Faith    .   (no shield)
rNeg    . . .      Spirit   .   (armour currently unavailable)
rPois   +          Reflect  .   (helmet currently unavailable)
rElec   .          Harm     .   (cloak currently unavailable)
rCorr   .          Rampage  .   (gloves currently unavailable)
Will    .....      NoTele   +   (boots currently unavailable)
Stlth   ++........              (no amulet)
HPRegen 0.17/turn               (no ring)
MPRegen 0.08/turn               (no ring)

@: tree-form (expiring), attractive
A: stationary, stasis, torment immunity, boosted hp
a: no special abilities


You were on level 2 of the Dungeon.
You were a tree.
You visited 1 branch of the dungeon, and saw 2 of its levels.

You collected 77 gold pieces.

Inventory:

Hand Weapons
 a - a +0 hand axe (weapon)
Missiles
 d - a throwing net (quivered)
 i - 12 poisoned darts
Armour
 b - a +0 robe (melded)
Wands
 h - a wand of polymorph (7)
Scrolls
 f - a scroll of noise


   Skills:
 + Level 4.3 Fighting
 + Level 4.7 Axes
 + Level 1.8 Armour
 - Level 2.4 Dodging
 - Level 1.5 Stealth
 + Level 1.0 Invocations
 + Level 0.4 Evocations


You had 2 spell levels left.
You didn't know any spells.
Your spell library contained the following spells:

 Spells                   Type           Power      Damage    Failure   Level
 Animate Armour           Summ/Erth      0%         N/A       98%         4
 Blade Hands              Tmut           0%         N/A       100%        5
 Iron Shot                Conj/Erth      0%         9d1       100%        6


Dungeon Overview and Level Annotations

Branches:
Dungeon (2/15)

Altars:


Message History

The gnoll hits you but does no damage. The hobgoblin hits you.
You hit the hobgoblin.
You kill the hobgoblin!
You feel sick.
The gnoll hits you but does no damage. x3
The gnoll is attracted toward you.
You hit the gnoll but do no damage.
You feel sick.
The gnoll hits you but does no damage. x2
You closely miss the gnoll.
You feel sick.
You are no longer poisoned.
The gnoll hits you but does no damage. x3
You closely miss the gnoll. The gnoll hits you but does no damage.
The gnoll hits you with a +0 halberd!
* * * LOW HITPOINT WARNING * * *
You don't have any such object.
Evoke which item? (* to show all) (? for menu, Esc to quit)
You don't have any such object.
Evoke which item? (* to show all) (? for menu, Esc to quit)
Aiming: Polymorph
Press: ? - help, Shift-Dir - straight line, f - gnoll
Aim: a gnoll, wielding a +1 spear of venom (will become an adder, a bat, or an iguana, chance to affect: 58%)
The gnoll evaporates and reforms as an adder!
The gnoll hits you but does no damage.
You hit the adder.
The adder is moderately wounded.
You barely miss the gnoll. The adder bites you but does no damage.
The gnoll hits you but does no damage.
You hit the adder.
The adder is almost dead.
You barely miss the gnoll. The adder bites you but does no damage.
The gnoll hits you but does no damage. The adder bites you but does no damage.
You closely miss the adder.
The adder is almost dead.
You closely miss the gnoll. The adder bites you but does no damage.
The gnoll barely misses you.
You hit the adder but do no damage.
The adder is almost dead.
You hit the gnoll.
Your transformation is almost over.
The adder bites you but does no damage. The gnoll hits you with a +0 halberd!
You die...

!.# #.# #.# ######.######
##...?..†....#
..!.....†.##.#
##..###...##<############
#..###)..#.............#
.......♣.##.............
#..####gS##.##########..
# #.)##.# ### #.>##.#
#...... #### ##.##.. ....
.##.. #### .# #.####
......


You could see a gnoll and an adder.

Vanquished Creatures
  A gnoll (D:2)
  An adder (D:2)
  2 dart slugs (D:2)
  4 endoplasms (D:1)
  A giant cockroach (D:2)
  A goblin (D:1)
  5 hobgoblins
  2 jackals (D:1)
  A quokka (D:2)
  A ball python (D:1)
  3 bats (D:1)
  6 frilled lizards
  A kobold (D:1)
  2 rats
31 creatures vanquished.

Notes
Turn   | Place    | Note
-------+----------+-------------------------------------------
     0 | D:1      | NinjaNoafa the Hill Orc Monk began the quest for the Orb.
     0 | D:1      | Reached XP level 1. HP: 19/19 MP: 1/1
   365 | D:1      | Found a faded altar of an unknown god.
   370 | D:1      | Reached XP level 2. HP: 24/27 MP: 2/2
   371 | D:1      | Reached skill level 1 in Armour
  1412 | D:2      | Reached XP level 3. HP: 33/33 MP: 3/3
  1648 | D:2      | Reached skill level 1 in Invocations
  1663 | D:2      | Slain by a gnoll

Illustrated notes

Levels and vault maps discovered:
D:1:      dpeg_arrival_pits, layout_basic, chequers_ecumenical_altar_simple
D:2:      layout_loops_ring

Skill      XL: |  1  2  3 |
---------------+----------+-----
Armour         | 1 |  1.8
Fighting       | 4 |  4.3
Invocations    | 1 |  1.0
Axes           | |  4.7
Dodging        | |  2.4
Stealth        | |  1.5
Evocations     | |  0.4

Action                   || total
-------------------------++-------
Melee: Hand axe          ||   114
       Punch             ||     1
Evoke: Wand              ||     1
  Use: Potion            ||     3
       Scroll            ||     2
 Stab: Sleeping          ||     4
Armor: Robe              ||    14
       Skin              ||    31
Dodge: Dodged            ||    73
